 Dungeon Crawl Stone Soup version 0.31-a0-233-g139696dc86 (webtiles) character file.

Game seed: 327714147227813291

1273 avis the Caller (level 8, -2/34 HPs)
             Began as a Felid Summoner on July 9, 2023.
             Was an Initiate of Gozag.
             Killed by divine providence
             ... invoked by an orc priest
              (14 damage)
             ... on level 6 of the Dungeon on July 10, 2023.
             The game lasted 00:49:47 (6781 turns).

avis the Caller (Felid Summoner)                    Turns: 6781, Time: 00:49:48

Health: -2/34      AC:  2    Str:  4    XL:     8   Next: 28%
Magic:  9/17       EV: 20    Int: 18    God:    Gozag
Gold:   169        SH:  0    Dex: 17    Spells: 5/18 levels left
                                        Lives:  0   Deaths: 2

rFire   . . .        (weapon unavailable)
rCold   . . .        (shield unavailable)
rNeg    . . .        (body armour unavailable)
rPois   .            (helmet unavailable)
rElec   .            (cloak unavailable)
rCorr   .            (gloves unavailable)
SInv    +            (boots unavailable)
Will    +....        (no amulet)
Stlth   ++           k - ring of wizardry
HPRegen 0.25/turn    (no ring)
MPRegen 0.15/turn

%: wizardry (x1)
@: quick
A: very small, claws 1, fangs 3, see invisible, speed 1, shaggy fur 2, stealthy
paws, no weapons or thrown items, no armour, multi-lived
a: Renounce Religion, Potion Petition, Call Merchant, Bribe Branch


You were on level 6 of the Dungeon.
You worshipped Gozag.
Gozag was aware of your devotion.
You visited 2 branches of the dungeon, and saw 7 of its levels.

You collected 322 gold pieces.
You paid 153 gold pieces to Gozag.

Inventory:

Jewellery
 c - an amulet of faith
 k - a ring of wizardry (left paw)
 q - a ring of fire
Wands
 s - a wand of paralysis (3)
Scrolls
 j - a scroll of fog
 l - 2 scrolls of poison
 n - a scroll of teleportation
 x - a scroll of noise {unknown}
 y - a scroll of silence {unknown}
 z - a scroll of amnesia {unknown}
Potions
 a - a potion of attraction {unknown}
 d - a potion of lignification {unknown}
 e - a potion of brilliance {unknown}
 g - a potion of berserk rage {unknown}
 h - a potion of heal wounds
 i - a potion of ambrosia {unknown}
 m - a potion of might {unknown}
 p - a potion of haste
 r - 2 potions of cancellation
 t - 2 potions of curing {unknown}


   Skills:
 + Level 3.4 Fighting
 + Level 5.6 Dodging
 - Level 2.6 Stealth
 + Level 5.8 Spellcasting
 - Level 5.0 Hexes
 + Level 6.3 Summonings
 * Level 4.6 Air Magic


You had 5 spell levels left.
You knew the following spells:

 Your Spells              Type           Power      Damage    Failure   Level
a - Summon Small Mammal   Summ           100%       N/A       1%          1
c - Call Imp              Summ           56%        N/A       1%          2
d - Call Canine Familiar  Summ           28%        N/A       1%          3
g - Summon Guardian Gole  Hex/Summ       25%        N/A       1%          3
l - Summon Lightning Spi  Summ/Air       25%        N/A       5%          4

Your spell library contained the following spells:

 Spells                   Type           Power      Damage    Failure   Level
 Static Discharge         Conj/Air       26%        2-4/arc   2%          2
 Airstrike                Air            10%        2d(2-18)  8%          4


Dungeon Overview and Level Annotations

Branches:
Dungeon (6/15)             Temple (1/1) D:4

Altars:
Ashenzari
Cheibriados
Gozag
Kikubaaqudgha
Makhleb
Nemelex Xobeh
Qazlal
Ru
Trog
Uskayaw
Vehumet
Wu Jian
Yredelemnul
Zin

Shops:
D:5 :


Innate Abilities, Weirdness & Mutations

You have sharp claws.
You have razor-sharp teeth.
You have supernaturally acute eyesight. (SInv)
You cover ground quickly. (Speed+)
You are covered in thick fur. (AC +2)
Your paws help you pounce on unaware monsters.
You are incapable of wielding weapons or throwing items.
You cannot wear armour.
You gain extra lives every three experience levels.


Message History

Your guardian golem disappears in a puff of smoke!
Your guardian golem explodes!
The fiery explosion engulfs your cerulean imp!!
Your cerulean imp dies!
Your cerulean imp disappears in a puff of smoke!
The fiery explosion engulfs the orc wizard!!!
The orc wizard dies!
Casting: Call Imp (safe; 1% risk of failure)
Confirm with . or Enter, or press ? or * to list all spells.
A guardian golem appears, shielding your allies.
What are your orders? t - Meow!
Orders for allies: a - Attack new target. p - Attack previous target. r - Retreat! s - Stop attacking. g - Guard the area. f - Follow me.
Anything else - Cancel.
Gang up on whom?
Press: ? - help, Dir - move target, f/p - orc priest
Aim: an orc priest, wielding a +0 club (ally target) Attack!
What are your orders? t - Meow!
Orders for allies: a - Attack new target. p - Attack previous target. r - Retreat! s - Stop attacking. g - Guard the area. f - Follow me.
Anything else - Cancel.
Gang up on whom?
Press: ? - help, Dir - move target, f/p - orc priest
Aim: an orc priest, wielding a +0 club (ally target) Attack!
The orc priest hits your guardian golem but does no damage.
Your guardian golem is engulfed in blazing flames.
The orc priest hits your guardian golem but does no damage.
Your guardian golem is engulfed in blazing flames.
The orc priest hits your guardian golem but does no damage.
Your guardian golem is engulfed in blazing flames.
The orc priest invokes the aid of Beogh against you.
Beogh smites you!
You die...
Your body crumbles into a pile of gold.

#.# ##...## #.......# #.#
##+####### ####.####
#.#######.[))...# #.#
#<..)....)#####.# #.#
#.######..#####.# #.#
#.##.........##.# #.#
#.##>##[.....##.# #.# #
#..........#.##.######.###.
#....####.@.....9oo$.†..$..
###### #.##########8†..._.
#.# #...8... #.# ##..⌠≈≈≈≈
#.# ######..8≈#### #.#
........)≈#$$$ #.
.#####._.≈#$$$ .. #...≈#$$$
#..8≈####


You could see an orc priest (ally target) and a friendly guardian golem
(summoned).

Vanquished Creatures
  2 bats
  A giant cockroach (D:1)
  A jackal (D:1)
  A kobold (D:1)
5 creatures vanquished.

Vanquished Creatures (collateral kills)
  3 black bears
  An ogre (D:5)
  2 kobold brigands (D:5)
  2 scorpions
  2 hounds
  3 jellies (D:5)
  3 gnolls
  7 adders
  A shadow imp (D:6)
  2 worms
  2 dart slugs (D:3)
  3 orcs
  8 endoplasms
  5 giant cockroaches
  7 goblins
  5 hobgoblins
  6 jackals
  8 kobolds
  9 quokkas
  4 ball pythons
  4 bats
  A frilled lizard (D:1)
  5 rats
93 creatures vanquished.

Vanquished Creatures (others)
  2 slime creatures (D:5)
  A scorpion (D:5)
  2 gnoll sergeants
  A howler monkey (D:6)
  4 jellies
  A hound (D:6)
  2 iguanas
  An orc wizard (D:6)
  8 gnolls
  An orc (D:6)
23 creatures vanquished.

Grand Total: 121 creatures vanquished

Notes
Turn   | Place    | Note
-------+----------+-------------------------------------------
     0 | D:1      | avis the Felid Summoner began the quest for the Orb.
     0 | D:1      | Reached XP level 1. HP: 7/7 MP: 4/4
   203 | D:1      | Reached XP level 2. HP: 6/11 MP: 0/6
   210 | D:1      | Learned a level 2 spell: Call Imp
   771 | D:1      | Reached XP level 3. HP: 14/14 MP: 2/8
   837 | D:1      | Learned a level 3 spell: Call Canine Familiar
  1310 | D:2      | You fall into a shaft and drop 2 floors!
  1340 | D:4      | Found a staircase to the Ecumenical Temple.
  1349 | Temple   | Entered the Ecumenical Temple
  1521 | D:4      | Reached XP level 4. HP: 10/18 MP: 1/10
  1861 | D:2      | Learned a level 3 spell: Summon Guardian Golem
  2970 | D:3      | Reached skill level 1 in Hexes
  3330 | D:4      | Noticed a scorpion
  3357 | D:4      | Succumbed to a scorpion's poison
  3358 | D:4      | Reached XP level 3. HP: 0/14 MP: 1/9
  3388 | D:4      | Reached XP level 4. HP: 18/18 MP: 6/10
  3584 | D:4      | Killed a scorpion
  3585 | D:4      | Reached skill level 5 in Summonings
  3666 | D:4      | Reached XP level 5. HP: 21/21 MP: 9/12
  4201 | D:4      | Learned a level 4 spell: Summon Lightning Spire
  4517 | D:4      | Gained mutation: You are covered in thick fur. (AC +2)
                  | [Felid growth]
  4517 | D:4      | Reached XP level 6. HP: 24/24 MP: 11/14
  4614 | D:5      | Entered Level 5 of the Dungeon
  4685 | D:5      | Reached skill level 1 in Air Magic
  4699 | D:5      | Reached skill level 1 in Fighting
  5023 | D:5      | Reached skill level 5 in Spellcasting
  5023 | D:5      | Reached XP level 7. HP: 15/28 MP: 5/15
  5111 | D:5      | Noticed a slime creature
  5134 | D:5      | Noticed a slime creature
  5134 | D:5      | Killed a slime creature
  5147 | D:5      | Killed a slime creature
  5310 | D:5      | Killed by an exploding themself... ignited by their inner
                  | flame
  5311 | D:5      | Reached XP level 6. HP: -17/27 MP: 12/15
  5311 | D:5      | Reached XP level 7. HP: 30/30 MP: 16/16
  5348 | D:5      | Reached skill level 5 in Hexes
  5358 | D:5      | Reached skill level 6 in Summonings
  5669 | D:5      | Found Ximeph's Book Boutique.
  5818 | D:5      | Reached skill level 5 in Dodging
  6293 | D:6      | Reached XP level 8. HP: 34/34 MP: 1/17
  6666 | D:6      | Found an opulent altar of Gozag.
  6700 | D:6      | Found an opulent altar of Gozag.
  6705 | D:6      | Found an opulent altar of Gozag.
  6706 | D:6      | Identified the +7 war axe of Taxation {heavy, rPois}
  6710 | D:6      | Became a worshipper of Gozag Ym Sagoz the Greedy
  6781 | D:6      | Killed from afar by an orc priest

Illustrated notes

Levels and vault maps discovered:
D:1:      lemuel_arrival_cross, layout_rooms, serial_corexii_hall,
          chequers_hall_statues_wall_a, chequers_hall_statues_wall_a,
          corexii_hall_statues_x, corexii_hall_statues_s,
          chequers_hall_statues_wall_a, corexii_hall_statues_i
D:2:      layout_basic
D:3:      layout_basic
D:4:      nicolae_cairo_tiling, layout_loops_ring
D:5:      cheibrodos_fertilizer, layout_layer_cave, serial_shops,
          nicolae_shop_window_shopping, nicolae_grassy_gnolls
D:6:      layout_loops_corners, nicolae_gozag_conspicuous_consumption,
          gammafunk_ghost_necromancy, kennysheep_generic_room_5
Temple:   hellmonk_temple_forest_ring

Skill      XL: |  1  2  3  4  5  6  7 |
---------------+----------------------+-----
Spellcasting   | 3 4 5 |  5.8
Hexes          | 2 3 5 |  5.0
Summonings     | 5 6 |  6.3
Dodging        | 3 5 |  5.6
Air Magic      | 1 4 |  4.6
Fighting       | 1 3 |  3.4
Stealth        | |  2.6

Action                     |  1- 3 |  4- 6 |  7- 9 || total
---------------------------+-------+-------+-------++-------
  Melee: Unarmed           |    12 |    17 |       ||    29
         Bite              |     2 |     1 |       ||     3
   Cast: Summon Small Mamm |    31 |    14 |     2 ||    47
         Call Imp          |    11 |    16 |    12 ||    39
         Call Canine Famil |     4 |    25 |     7 ||    36
         Summon Guardian G |       |    11 |    21 ||    32
         Summon Lightning  |       |     1 |     5 ||     6
  Evoke: Wand              |       |     5 |       ||     5
    Use: Potion            |       |     4 |       ||     4
         Scroll            |       |       |     8 ||     8
   Stab: Sleeping          |       |     1 |       ||     1
         Paralysed         |       |     3 |       ||     3
 Armour: Skin              |     4 |       |     1 ||     5
  Dodge: Dodged            |    16 |    33 |     5 ||    54

Table legend: (Time is in decaauts)
 A = Elapsed time spent in this place.
 B = Non-inter-level travel time spent in this place.
 C = Inter-level travel time spent in this place.
 D = Time resting spent in this place.
 E = Time spent auto-exploring this place.
 F = Levels seen in this place.
 G = Mean time per level.
                   A        B        C        D        E       F      G
               +--------+--------+--------+--------+--------+-----+--------+
         Total |   5957 |   5627 |    330 |   1204 |   2366 |   7 |  851.0 |
       Dungeon |   5835 |   5513 |    322 |   1204 |   2264 |   6 |  972.5 |
        Temple |    122 |    114 |      8 |      0 |    102 |   1 |  122.0 |
               +--------+--------+--------+--------+--------+-----+--------+

Top non-repeatable levels by time:
     D:5: 1477 daAuts
     D:4: 1342 daAuts
     D:1: 1210 daAuts
     D:2: 852 daAuts
     D:3: 563 daAuts
     D:6: 389 daAuts
  Temple: 122 daAuts
